 Dungeon Crawl Stone Soup version 0.32-a0-656-g3542139ebd (webtiles) character file.

Game seed: 9297941543893793605

4702 pokeman the Thaumaturge (level 10, 0/56 HPs)
             Began as a Deep Elf Hedge Wizard on Mar 8, 2024.
             Was a Follower of Vehumet.
             Slain by a five-headed hydra (12 damage)
             ... on level 9 of the Dungeon.
             The game lasted 00:20:38 (8819 turns).

pokeman the Thaumaturge (Deep Elf Hedge Wizard)     Turns: 8819, Time: 00:20:38

Health: 0/56       AC:  5    Str:  7    XL:     10   Next: 21%
Magic:  14/28      EV: 13    Int: 30    God:    Vehumet [*.....]
Gold:   354        SH:  0    Dex: 14    Spells: 22/34 levels left

rFire   . . .        c - +2 dagger (venom)
rCold   . . .        (no shield)
rNeg    . . .        b - +0 robe
rPois   .            a - +1 helmet
rElec   .            (no cloak)
rCorr   .            y - +0 pair of gloves
SInv    .            (no boots)
Will    +....        (no amulet)
Stlth   ++           N - ring of wizardry
HPRegen 0.29/turn    g - +6 ring of intelligence
MPRegen 0.21/turn

%: wizardry (x1)
@: on blink cooldown
A: no striking features
a: Renounce Religion


You were on level 9 of the Dungeon.
You worshipped Vehumet.
Vehumet was aware of your devotion.
You visited 2 branches of the dungeon, and saw 10 of its levels.

You collected 354 gold pieces.

Inventory:

Hand Weapons
 c - a +2 dagger of venom (weapon)
Armour
 a - a +1 helmet (worn)
 b - a +0 robe (worn)
 y - a +0 pair of gloves (worn)
Magical Staves
 v - a staff of air
Jewellery
 e - a ring of willpower
 g - a +6 ring of intelligence (right hand)
 i - a +6 ring of strength
 p - a ring of protection from cold
 u - a +6 ring of dexterity
 F - an amulet of faith
 J - an amulet of reflection
 N - a ring of wizardry (left hand)
Wands
 A - a wand of charming (27)
 G - a wand of flame (16)
 K - a wand of digging (5)
 O - a wand of acid (9)
 Q - a wand of polymorph (6)
Scrolls
 h - 9 scrolls of identify {unknown}
 j - 5 scrolls of revelation {unknown}
 l - 2 scrolls of amnesia {unknown}
 m - 2 scrolls of fear {unknown}
 n - a scroll of blinking {unknown}
 o - a scroll of noise {unknown}
 q - 2 scrolls of fog {unknown}
 r - 2 scrolls of teleportation {unknown}
 s - a scroll of immolation {unknown}
 t - a scroll of silence {unknown}
 x - 2 scrolls of poison {unknown}
 P - a scroll of vulnerability {unknown}
Potions
 d - 2 potions of magic
 f - 4 potions of heal wounds {unknown}
 k - 2 potions of curing {unknown}
 w - 2 potions of mutation {unknown}
 z - 2 potions of degeneration {unknown}
 B - a potion of attraction {unknown}
 C - a potion of might {unknown}
 D - a potion of berserk rage {unknown}
 E - a potion of enlightenment {unknown}
 H - a potion of invisibility {unknown}
 I - a potion of cancellation {unknown}
 L - a potion of ambrosia {unknown}
 M - 2 potions of resistance


   Skills:
 - Level 4.1 Fighting
 + Level 3.0 Armour
 - Level 3.2 Dodging
 - Level 3.2 Stealth
 * Level 12.9 Spellcasting
 + Level 7.3 Conjurations
 - Level 1.1 Summonings
 - Level 1.1 Translocations
 - Level 1.0 Fire Magic
 + Level 6.6 Ice Magic
 - Level 1.0 Air Magic
 - Level 1.0 Alchemy
 - Level 1.0 Evocations


You had 22 spell levels left.
You knew the following spells:

 Your Spells              Type           Power      Damage    Failure   Level
a - Magic Dart            Conj           100%       1d8       1%          1
b - Mephitic Cloud        Conj/Alch/Air  38%        N/A       1%          3
c - Call Imp              Summ           50%        N/A       1%          2
d - Blink                 Tloc           50%        N/A       1%          2
e - Foxfire               Conj/Fire      100%       2x1d9     1%          1
f - Hailstorm             Conj/Ice       57%        3d11      1%          3

Your spell library contained the following spells:

 Spells                   Type           Power      Damage    Failure   Level
 Freeze                   Ice            100%       1d10      1%          1
 Shock                    Conj/Air       100%       1d9       1%          1
 Slow                     Hex            76%        N/A       1%          1
 Summon Small Mammal      Summ           100%       N/A       1%          1
 Cigotuvi's Dreadful Rot  Necr/Alch/Air  46%        N/A       1%          2
 Scorch                   Fire           50%        2d7       1%          2
 Call Canine Familiar     Summ           25%        N/A       1%          3
 Frozen Ramparts          Ice            100%       1d16      1%          3
 Swiftness                Air            25%        N/A       1%          3
 Volatile Blastmotes      Fire/Tloc      50%        2d14      1%          3
 Flame Wave               Conj/Fire      44%        2d11      1%          4
 Fulminant Prism          Conj/Alch      22%        3d12      1%          4
 Iskenderun's Mystic Bla  Conj/Tloc      44%        2d10      1%          4
 Inner Flame              Hex/Fire       22%        N/A       2%          3
 Confusing Touch          Hex            19%        N/A       3%          3
 Sigil of Binding         Hex            19%        N/A       3%          3
 Vampiric Draining        Necr           19%        2d7       3%          3
 Airstrike                Air            12%        2d(2-18)  7%          4
 Sticky Flame             Fire/Alch      25%        2d6       7%          4
 Summon Blazeheart Golem  Fire/Summ      25%        N/A       7%          4
 Summon Cactus Giant      Summ           12%        N/A       67%         6


Dungeon Overview and Level Annotations

Branches:
Dungeon (9/15)             Temple (1/1) D:4
   Lair: D:8-11         Orc: D:9-12

Altars:
Ashenzari
Cheibriados
Fedhas
Gozag
Hepliaklqana
Kikubaaqudgha
Nemelex Xobeh
Okawaru
Ru
Sif Muna
Trog
Uskayaw
Vehumet
Wu Jian
Xom
Yredelemnul
Zin

Shops:
D:1 !   D:4 *

Annotations:
D:4 2 transporters


Message History

Press: ? - help, Dir - look around, f - activate A cannonade of hail descends around you!
The hail pelts the five-headed hydra!
The five-headed hydra is heavily wounded.
The hail pelts the centaur!!
The centaur is almost dead.
The foxfire hits the five-headed hydra.
The five-headed hydra is severely wounded.
The foxfire hits the five-headed hydra.
The five-headed hydra is severely wounded.
The centaur wields a +0 shortbow.
The centaur shoots an arrow.
The arrow barely misses you.
Unknown command.
Casting: Hailstorm (safe; 1% risk of failure)
Confirm with . or Enter, or press ? or * to list all spells.
You blink.
The centaur unwields a +0 shortbow.
The centaur hits you. The centaur barely misses you.
The five-headed hydra bites you. The five-headed hydra bites you!
The five-headed hydra closely misses you.
The five-headed hydra bites you. The five-headed hydra bites you!
The centaur closely misses you. The centaur kicks you.
Unknown command.
The centaur barely misses you.
The centaur kicks you but does no damage.
The troll bites you!
* * * LOW HITPOINT WARNING * * *
The troll closely misses you. The troll claws you but does no damage.
Unknown command.
Okay, then.
Unknown command.
Aiming: Corrosive Bolt
Press: ? - help, Shift-Dir - straight line, f - five-headed hydra
Aim: a five-headed hydra (severely wounded, 90% to hit)
The bolt of acid hits the five-headed hydra!!
The acid corrodes the five-headed hydra!
The five-headed hydra is almost dead.
The centaur hits you.
* * * LOW HITPOINT WARNING * * *
The centaur barely misses you. The five-headed hydra bites you!
You die...

.. #. .# #. .#
#.###.# #
####..##.#### ###.
#...#.......###
....##.............#
#...#...#.......#
#...#.T@......#
#...#cD.....#
##.##...§...#
#..##.......#
####.###.##.####
#.o.....(....#
#.##†###.##.... .c
#)# #.##.#### ...
... .....#


You could see a five-headed hydra (corroded), a troll and a centaur.

Vanquished Creatures
  Erica (D:8)
  Jeremiah (D:8)
  Psyche (D:8)
  2 hornets (D:8)
  A wyvern (D:7)
  3 yaks (D:9)
  Menkaure (D:7)
  4 orc warriors
  A sky beast (D:8)
  2 black bears
  3 ice beasts
  2 centaurs
  A scorpion (D:4)
  A bullfrog (D:7)
  A gnoll sergeant (D:5)
  4 wights (D:8)
  6 killer bees (D:7)
  A howler monkey (D:8)
  4 bombardier beetles
  2 jellies (D:6)
  A hound (D:4)
  An orc priest (D:8)
  10 orc wizards
  Robin (D:2)
  6 gnolls
  6 adders
  2 ufetubi (D:7)
  2 dart slugs
  A ribbon worm (D:4)
  26 orcs
  A ball python (D:2)
  9 endoplasms
  A giant cockroach (D:3)
  15 goblins
  7 hobgoblins
  2 jackals (D:3)
  2 quokkas
  2 bats
  4 frilled lizards
  3 kobolds
  3 rats (D:2)
147 creatures vanquished.

Vanquished Creatures (collateral kills)
  A ribbon worm (D:3)
  A quokka (D:3)
2 creatures vanquished.

Vanquished Creatures (others)
  87 foxfires
87 creatures vanquished.

Grand Total: 236 creatures vanquished

Notes
Turn   | Place    | Note
-------+----------+-------------------------------------------
     0 | D:1      | pokeman the Deep Elf Hedge Wizard began the quest for the
                  | Orb.
     0 | D:1      | Reached XP level 1. HP: 10/10 MP: 7/7
   167 | D:1      | Found Cirilil's Distillery.
   896 | D:1      | Reached XP level 2. HP: 16/16 MP: 7/9
  1202 | D:2      | Noticed Robin
  1289 | D:2      | Killed Robin
  1290 | D:2      | Reached skill level 5 in Spellcasting
  1304 | D:2      | Reached XP level 3. HP: 12/20 MP: 6/11
  1546 | D:2      | Reached skill level 1 in Fighting
  1640 | D:2      | Reached skill level 1 in Armour
  1645 | D:2      | HP: 1/20 [gnoll/+0 whip (5)]
  1654 | D:1      | Learned a level 3 spell: Mephitic Cloud
  1657 | D:1      | Learned a level 2 spell: Call Imp
  1660 | D:1      | Learned a level 2 spell: Blink
  1741 | D:2      | Reached XP level 4. HP: 8/25 MP: 6/13
  2348 | D:3      | Learned a level 3 spell: Hailstorm
  2604 | D:3      | Found a faded altar of an unknown god.
  2710 | D:3      | Found a bloodstained altar of Trog.
  2758 | D:3      | Identified the orb of Past Mistakes {guile, Rampage Necro}
  3095 | D:4      | Noticed an angel
  3096 | D:4      | Found a shimmering altar of Xom.
  3101 | D:4      | Noticed a scorpion
  3115 | D:4      | Killed a scorpion
  3116 | D:4      | Reached skill level 6 in Spellcasting
  3116 | D:4      | Reached XP level 5. HP: 19/29 MP: 4/15
  3333 | D:4      | Found an opulent altar of Gozag.
  3339 | D:4      | Found a transporter.
  3363 | D:4      | Reached skill level 1 in Ice Magic
  3498 | D:4      | Found a staircase to the Ecumenical Temple.
  3513 | Temple   | Entered the Ecumenical Temple
  3684 | D:4      | Found a transporter.
  3708 | D:4      | Found Gozag's Platinum Reserve.
  3797 | D:4      | Found a glowing silver altar of Zin.
  3824 | D:5      | Entered Level 5 of the Dungeon
  3859 | D:5      | Reached XP level 6. HP: 8/34 MP: 15/17
  4018 | D:5      | Reached skill level 1 in Air Magic
  4018 | D:5      | Reached skill level 1 in Alchemy
  4018 | D:5      | Reached skill level 1 in Evocations
  4493 | D:5      | Reached skill level 7 in Spellcasting
  4724 | D:5      | Reached XP level 7. HP: 38/38 MP: 15/19
  5300 | D:6      | Found a radiant altar of Vehumet.
  5483 | D:6      | Reached skill level 8 in Spellcasting
  5880 | D:6      | Became a worshipper of Vehumet
  6041 | D:7      | Reached XP level 8. HP: 42/44 MP: 9/22
  6054 | D:7      | Reached skill level 9 in Spellcasting
  6200 | D:7      | Reached skill level 5 in Conjurations
  6341 | D:7      | Found a broken altar of Ashenzari.
  6538 | D:7      | Reached skill level 10 in Spellcasting
  6632 | D:7      | Found a snail-covered altar of Cheibriados.
  6780 | D:7      | Noticed Menkaure
  6970 | D:7      | Killed Menkaure
  7437 | D:8      | Noticed Psyche
  7437 | D:8      | Noticed Erica
  7448 | D:8      | Killed Psyche
  7449 | D:8      | Reached skill level 5 in Ice Magic
  7449 | D:8      | Reached XP level 9. HP: 29/49 MP: 14/25
  7455 | D:8      | Killed Erica
  7456 | D:8      | Reached skill level 11 in Spellcasting
  7612 | D:8      | Reached * piety under Vehumet
  7612 | D:8      | Offered knowledge of Foxfire by Vehumet.
  7620 | D:8      | Learned a level 1 spell: Foxfire
  7976 | D:8      | Noticed Jeremiah
  7987 | D:8      | Killed Jeremiah
  7988 | D:8      | Reached skill level 12 in Spellcasting
  7988 | D:8      | Reached skill level 1 in Fire Magic
  8523 | D:8      | Reached XP level 10. HP: 43/56 MP: 25/28
  8802 | D:9      | Noticed a five-headed hydra
  8819 | D:9      | Slain by a five-headed hydra

Illustrated notes

Levels and vault maps discovered:
D:1:      wheals_arrival_shading, layout_basic, serial_shops, shop,
          item_on_display_a
D:2:      layout_loops_ring, uniq_robin
D:3:      layout_rooms, lemuel_coloured_pillars_altar,
          dreamdust_ecumenical_altar_statues
D:4:      gammafunk_cloud_chamber, layout_rooms,
          grunt_temple_overflow_order_and_chaos_1,
          nicolae_gozag_zags_fifth_avenue, minmay_temple_entry_offerings,
          minivault_1
D:5:      layout_basic
D:6:      layout_loops_corners, fiery_altar_vehumet, minivault_1
D:7:      wander_river, layout_basic, evilmike_ruin_ashenzari, slow_altar_2,
          uniq_menkaure
D:8:      layout_cave_pods, uniq_psyche, uniq_jeremiah, uniq_erica
D:9:      layout_loops_ring, dpeg_lair_monsters, serial_shops,
          nicolae_shop_window_shopping
Temple:   hellmonk_temple_rainy

Skill      XL: |  1  2  3  4  5  6  7  8  9 10 |
---------------+-------------------------------+-----
Spellcasting   | 5 6 7 8 10 12 | 12.9
Fighting       | 1 2 3 4 |  4.1
Armour         | 1 3 |  3.0
Conjurations   | 2 3 4 5 7 |  7.3
Dodging        | 3 |  3.2
Stealth        | 3 |  3.2
Ice Magic      | 1 2 3 5 6 |  6.6
Air Magic      | 1 |  1.0
Alchemy        | 1 |  1.0
Evocations     | 1 |  1.0
Fire Magic     | 1 |  1.0
Summonings     | |  1.1
Translocations | |  1.1

Action                     |  1- 3 |  4- 6 |  7- 9 | 10-12 || total
---------------------------+-------+-------+-------+-------++-------
  Melee: Short sword       |    17 |       |       |       ||    17
         Dagger            |     6 |    84 |   118 |     3 ||   211
   Cast: Magic Dart        |    53 |    86 |    34 |       ||   173
         Mephitic Cloud    |     1 |     8 |    20 |     4 ||    33
         Call Imp          |       |     1 |     2 |       ||     3
         Hailstorm         |       |       |    18 |     4 ||    22
         Blink             |       |       |     2 |     1 ||     3
         Foxfire           |       |       |    31 |    16 ||    47
  Evoke: Wand              |       |       |       |     1 ||     1
   Stab: Confused          |       |     8 |    14 |     1 ||    23
 Armour: Robe              |    22 |    55 |    57 |    19 ||   153
  Dodge: Dodged            |    15 |    48 |    68 |    10 ||   141

Table legend: (Time is in decaauts)
 A = Elapsed time spent in this place.
 B = Non-inter-level travel time spent in this place.
 C = Inter-level travel time spent in this place.
 D = Time resting spent in this place.
 E = Time spent auto-exploring this place.
 F = Levels seen in this place.
 G = Mean time per level.
                   A        B        C        D        E       F      G
               +--------+--------+--------+--------+--------+-----+--------+
         Total |   8839 |   8601 |    238 |    337 |   7123 |  10 |  883.9 |
       Dungeon |   8837 |   8599 |    238 |    337 |   7123 |   9 |  981.9 |
        Temple |      1 |      1 |      0 |      0 |      0 |   1 |    1.0 |
               +--------+--------+--------+--------+--------+-----+--------+

Top non-repeatable levels by time:
     D:7: 1495 daAuts
     D:8: 1349 daAuts
     D:1: 1271 daAuts
     D:6: 1091 daAuts
     D:5: 1044 daAuts
     D:2: 1025 daAuts
     D:4: 795 daAuts
     D:3: 729 daAuts
     D:9: 34 daAuts
  Temple: 1 daAuts
